 Dungeon Crawl Stone Soup version 0.29.0 (webtiles) character file.

Game seed: 1081026498359987014

476 tchen the Digger (level 7, -2/46 HPs)
             Began as an Octopode Earth Elementalist on Sept 1, 2022.
             Was an Initiate of Sif Muna.
             Slain by a lemure (9 damage)
             ... led by Pikel
             ... on level 5 of the Dungeon.
             The game lasted 00:11:57 (4338 turns).

tchen the Digger (Octopode Earth Elementalist)      Turns: 4338, Time: 00:11:58

Health: -2/46      AC:  1    Str:  7    XL:     7   Next: 10%
Magic:  10/10      EV: 13    Int: 20    God:    Sif Muna [......]
Gold:   183        SH:  0    Dex: 12    Spells: 4/10 levels left

rFire   + . .      SeeInvis .   l - +3 short sword
rCold   + . .      Faith    +   (no shield)
rNeg    . . .      Spirit   .   (helmet restricted)
rPois   .          Reflect  .   d - amulet of faith
rElec   .          Harm     .   j - ring of protection from cold
rCorr   .          Rampage  .   k - ring of protection from fire
Will    .....                   m - +4 ring of slaying
Stlth   +++.......              (no ring)
HPRegen 0.15/turn               (no ring)
MPRegen 0.12/turn               (no ring)
                                (no ring)
                                (no ring)

@: no status effects
A: almost no armour, amphibious, 8 rings, camouflage 1, gelatinous body 1,
(nimble swimmer 1), tentacles
a: Renounce Religion


You were on level 5 of the Dungeon.
You worshipped Sif Muna.
Sif Muna was noncommittal.
You visited 2 branches of the dungeon, and saw 6 of its levels.

You collected 183 gold pieces.

Inventory:

Hand Weapons
 b - a +0 dagger
 l - a +3 short sword (weapon)
Jewellery
 d - an amulet of faith (around mantle)
 j - a ring of protection from cold (left tentacle)
 k - a ring of protection from fire (right tentacle)
 m - a +4 ring of slaying (on tentacle)
Wands
 p - a wand of mindburst (11)
Scrolls
 e - a scroll of acquirement {unknown}
 f - a scroll of blinking {unknown}
 g - 2 scrolls of identify {unknown}
 i - a scroll of fear {unknown}
 n - a scroll of immolation {unknown}
 o - a scroll of amnesia {unknown}
 q - a scroll of silence {unknown}
 s - a scroll of magic mapping {unknown}
 t - a scroll of enchant weapon {unknown}
Potions
 a - a potion of magic
 c - a potion of flight {unknown}
 h - 2 potions of cancellation {unknown}
 r - a potion of heal wounds {unknown}


   Skills:
 + Level 3.3 Fighting
 - Level 2.0 Dodging
 - Level 4.1 Stealth
 - Level 2.0 Spellcasting
 - Level 4.0 Conjurations
 - Level 1.0 Transmutations
 - Level 5.0 Earth Magic


You had 4 spell levels left.
You knew the following spells:

 Your Spells              Type           Power      Damage    Failure   Level
a - Sandblast             Erth           44%        2d11      1%          1
b - Passwall              Tmut/Erth      11%        N/A       7%          2
c - Stone Arrow           Conj/Erth      40%        3d9       8%          3

Your spell library contained the following spells:

 Spells                   Type           Power      Damage    Failure   Level
 Sublimation of Blood     Necr           2%         N/A       24%         2
 Petrify                  Tmut/Erth      14%        N/A       41%         4
 Animate Dead             Necr           2%         N/A       83%         4
 Irradiate                Conj/Tmut      6%         3d13      83%         5
 Haunt                    Necr/Summ      1%         N/A       100%        7
 Infestation              Necr           1%         N/A       100%        8


Dungeon Overview and Level Annotations

Branches:
Dungeon (5/15)             Temple (1/1) D:4

Altars:
Ashenzari
Fedhas
Gozag
Hepliaklqana
Kikubaaqudgha
Okawaru
Qazlal
Sif Muna
Trog
Wu Jian
The Shining One

Annotations:
D:5 Pikel


Innate Abilities, Weirdness & Mutations

You cannot wear most types of armour.
You are amphibious.
You can wear up to eight rings at the same time.
Your skin changes colour to match your surroundings (Stealth+).
Your rubbery body absorbs attacks. (AC +1, EV +1)
((You are camouflaged when in or above water. (Stealth+)))
You have tentacles for arms and can constrict up to eight enemies at once.


Message History

The lemure is heavily wounded.
Pikel shouts!
The lemure shouts!
The teleport trap disappears.
The lemure disappears!
You hit the lemure but do no damage. You grab the lemure.
You squeeze the lemure!
The lemure is severely wounded.
You constrict the lemure, but do no damage.
The lemure hits you!
You hit the lemure. You squeeze the lemure.
You kill the lemure!
That felt strangely unrewarding.
A lemure comes into view.
The lemure shouts!
You puncture Pikel! Your grab misses Pikel. You tentacle-slap Pikel.
Pikel is moderately wounded.
Pikel hits you with a +2 whip of flaming!
Pikel burns you. The lemure hits you!
You hit Pikel. You grab Pikel. You squeeze Pikel.
Pikel is heavily wounded.
You constrict Pikel, but do no damage.
Pikel hits you with a +2 whip of flaming!
* * * LOW HITPOINT WARNING * * *
Pikel burns you.
* * * LOW HITPOINT WARNING * * *
The lemure barely misses you.
You hit Pikel. You squeeze Pikel.
Pikel is heavily wounded.
You constrict Pikel, but do no damage.
Pikel says, "I'm sure they'll be treated well, anyway."
Pikel barely misses you. The lemure hits you.
* * * LOW HITPOINT WARNING * * *
Unknown command.
Okay, then.
You hit Pikel.
Pikel is severely wounded.
You constrict Pikel, but do no damage.
Pikel hits you with a +2 whip of flaming.
* * * LOW HITPOINT WARNING * * *
The lemure hits you!
You die...

#######
######5......
#....@K5.....
#.####^####..
#.# .....
#.#.......#
#.#.......#
#.^..._.....
####.#.......#..
#....#.......#..
#....# .....


You could see Pikel and 2 lemures.

Vanquished Creatures
  An ogre (D:5)
  A lemure (D:5)
  A scorpion (D:5)
  2 iguanas (D:5)
  Natasha (thrice) (D:3)
  An orc wizard (D:3)
  2 gnolls
  8 adders
  A white imp (D:5)
  A dart slug (D:1)
  4 orcs (D:3)
  6 bats
  5 endoplasms
  4 giant cockroaches
  6 goblins
  A hobgoblin (D:1)
  4 jackals (D:3)
  7 kobolds
  6 quokkas
  10 ball pythons
  5 frilled lizards
  9 rats
88 creatures vanquished.

Notes
Turn   | Place    | Note
-------+----------+-------------------------------------------
     0 | D:1      | tchen the Octopode Earth Elementalist began the quest for
                  | the Orb.
     0 | D:1      | Reached XP level 1. HP: 11/11 MP: 3/3
   244 | D:1      | Reached XP level 2. HP: 17/17 MP: 3/5
   663 | D:1      | Reached XP level 3. HP: 21/21 MP: 3/6
   767 | D:1      | Learned a level 2 spell: Passwall
  1205 | D:2      | Reached skill level 4 in Earth Magic
  1417 | D:2      | Reached XP level 4. HP: 27/27 MP: 4/7
  1638 | D:2      | Found a faded altar of an unknown god.
  2175 | D:2      | Reached skill level 5 in Earth Magic
  2412 | D:3      | Reached XP level 5. HP: 31/31 MP: 5/8
  2506 | D:3      | Reached skill level 1 in Conjurations
  2659 | D:3      | Found a stormy altar of Qazlal.
  2801 | D:3      | Noticed Natasha
  2809 | D:3      | Killed Natasha
  3144 | D:3      | Noticed Natasha
  3223 | D:3      | Killed Natasha
  3224 | D:3      | Reached XP level 6. HP: 33/36 MP: 9/9
  3342 | D:3      | Noticed Natasha
  3350 | D:3      | Killed Natasha
  3553 | D:4      | Found a staircase to the Ecumenical Temple.
  3562 | Temple   | Entered the Ecumenical Temple
  3777 | Temple   | Became a worshipper of Sif Muna the Loreminder
  3848 | D:5      | Entered Level 5 of the Dungeon
  3880 | D:5      | Identified the +1 robe of the Bruised Ghosts {Int+2}
  3944 | D:5      | Learned a level 3 spell: Stone Arrow
  3965 | D:5      | Reached skill level 1 in Fighting
  4217 | D:5      | Reached XP level 7. HP: 46/46 MP: 1/10
  4321 | D:5      | Found an ancient bone altar of Kikubaaqudgha.
  4330 | D:5      | Noticed Pikel
  4338 | D:5      | Slain by a lemure

Illustrated notes

Levels and vault maps discovered:
D:1:      evilmike_arrival_plus, layout_basic, minmay_pentomino_q2
D:2:      minmay_inner_zag, layout_basic, shapermc_ecumenical_altar_mp_vishouse,
          minivault_25, corner_web_ring, chequers_jeans
D:3:      layout_loops_cross, nicolae_qazlal_eye_of_the_storm, uniq_natasha
D:4:      layout_basic, minmay_temple_entry_poolview, minmay_misc_feat_iff
D:5:      layout_gridville, mainiacjoe_overflow_brackets, lemuel_tele_altar,
          skrybe_limestone_x, uniq_pikel
Temple:   kb_temple_of_zot

Skill      XL: |  1  2  3  4  5  6 |
---------------+-------------------+-----
Stealth        | 3 4 |  4.1
Earth Magic    | 4 5 |  5.0
Conjurations   | 3 4 |  4.0
Fighting       | 3 |  3.3
Dodging        | |  2.0
Spellcasting   | |  2.0
Transmutations | |  1.0

Action                   |  1- 3 |  4- 6 |  7- 9 || total
-------------------------+-------+-------+-------++-------
Melee: Dagger            |     9 |     8 |       ||    17
       Punch             |     1 |       |     1 ||     2
       Constrict         |     2 |     7 |     2 ||    11
       Tentacles         |     1 |     5 |     4 ||    10
       Short sword       |       |    24 |     6 ||    30
 Cast: Sandblast         |    38 |    58 |     1 ||    97
       Stone Arrow       |       |     3 |       ||     3
 Stab: Sleeping          |     2 |     4 |       ||     6
Armor: Skin              |     2 |     3 |       ||     5
Dodge: Dodged            |    11 |    36 |     2 ||    49
